 Dungeon Crawl Stone Soup version 0.27.1 (webtiles) character file.

Game seed: 5467293121183058722

1502 ZARRMARR the Sneak (level 8, -6/54 HPs)
             Began as an Octopode Transmuter on Sept 4, 2021.
             Mangled by a wyvern zombie (14 damage)
             ... on level 6 of the Dungeon.
             The game lasted 00:35:29 (9740 turns).

ZARRMARR the Sneak (Octopode Transmuter)            Turns: 9740, Time: 00:35:30

Health: -6/54      AC:  1    Str: 10    XL:     8   Next: 82%
Magic:  0/14       EV: 14    Int: 17    God:
Gold:   254        SH:  0    Dex: 12    Spells: 11/15 levels left

rFire    . . .     SeeInvis .     - Unarmed
rCold    . . .     Faith    .   (no shield)
rNeg     . . .     Spirit   +   (helmet currently unavailable)
rPois    .         Reflect  .   m - amulet of guardian spirit
rElec    .         Harm     .   (no ring)
rCorr    .         Rampage  .   (no ring)
Will     .....                  (no ring)
Stlth    ++++......             (no ring)
HPRegen  0.18/turn              (no ring)
MPRegen  0.14/turn              (no ring)
                                (no ring)
                                (no ring)

@: mighty, appendages
A: tentacle spike 3, almost no armour, amphibious, 8 rings, camouflage 1,
gelatinous body 1, (nimble swimmer 1), tentacles
a: End Transformation


You were on level 6 of the Dungeon.
One of your tentacles had grown a beastly spike.
You visited 1 branch of the dungeon, and saw 6 of its levels.

You collected 362 gold pieces.
You spent 108 gold pieces at shops.

Inventory:

Hand Weapons
 q - the +9 mace "Koydghic" {pain, Str+3}
   (You took it off a kobold on level 5 of the Dungeon)

   In the hands of one skilled in necromantic magic, it inflicts extra damage on
   living creatures.
   Str:       It affects your strength (+3).
Missiles
 j - 28 poisoned darts (quivered)
 n - 8 boomerangs
Jewellery
 m - an amulet of guardian spirit (around mantle)
Wands
 s - a wand of flame (28)
Scrolls
 a - 2 scrolls of amnesia
 h - 2 scrolls of enchant weapon
 i - a scroll of identify {unknown}
 k - a scroll of fear
 o - a scroll of vulnerability {unknown}
 p - a scroll of blinking {unknown}
 r - a scroll of brand weapon {unknown}
 t - a scroll of silence {unknown}
Potions
 b - 2 potions of mutation {unknown}
 c - 2 potions of brilliance
 d - 3 potions of might
 e - 2 potions of attraction {unknown}
 f - a potion of berserk rage {unknown}
 g - 2 potions of flight {unknown}
 l - a potion of curing {unknown}
 u - a potion of ambrosia {unknown}


   Skills:
 + Level 4.0 Fighting
 + Level 4.5 Dodging
 + Level 5.6 Stealth
 + Level 5.0 Unarmed Combat
 + Level 4.1 Spellcasting
 + Level 4.4 Transmutations
 + Level 4.2 Poison Magic


You had 11 spell levels left.
You knew the following spells:

 Your Spells              Type           Power      Damage    Failure   Level
a - Beastly Appendage     Tmut           36%        N/A       2%          1
b - Spider Form           Tmut/Pois      9%         N/A       8%          3

Your spell library contained the following spells:

 Spells                   Type           Power      Damage    Failure   Level
 Wereblood                Tmut           18%        N/A       3%          2
 Passwall                 Tmut/Erth      8%         N/A       10%         2
 Sandblast                Erth           6%         2d5       16%         1
 Ice Form                 Ice/Tmut       10%        N/A       54%         4
 Lee's Rapid Deconstruct  Erth           1%         3d5*      99%         5


Dungeon Overview and Level Annotations

Branches:
Dungeon (6/15)
 Temple: D:4-7

Altars:
Ashenzari
Elyvilon
Gozag
Kikubaaqudgha
Nemelex Xobeh
Okawaru
Ru
Yredelemnul

Shops:
D:1 !


Innate Abilities, Weirdness & Mutations

One of your tentacles has grown a beastly spike.
You cannot wear most types of armour.
You are amphibious.
You can wear up to eight rings at the same time.
Your skin changes colour to match your surroundings (Stealth+).
Your rubbery body absorbs attacks. (AC +1, EV +1)
((You are camouflaged near water. (Stealth+)))
You have tentacles for arms and can constrict up to eight enemies at once.


Message History

The hound bites you.
You hit the hound but do no damage.
The hound looks as sick as possible!
The hound is moderately wounded.
The hound barely misses you.
You hit the hound.
The hound looks as sick as possible!
The hound is almost dead.
You kill the hound!
Your magical contamination has completely faded away.
Your Fighting skill increases to level 4!
Casting: Spider Form (dangerous; 21% risk of failure)
Confirm with . or Enter, or press ? or * to list all spells.
Your transformation has ended.
One of your tentacles grows a vicious spike.
You tentacle-slap the wyvern zombie but do no damage.
Your tentacle spike misses the wyvern zombie.
The wyvern zombie bites you.
You bludgeon the wyvern zombie!
You pierce the wyvern zombie.
The wyvern zombie is moderately damaged.
The wyvern zombie barely misses you.
You barely miss the wyvern zombie.
The wyvern zombie is moderately damaged.
The wyvern zombie bites you! x2
You tentacle-slap the wyvern zombie but do no damage.
You tentacle-slap the wyvern zombie.
The wyvern zombie is moderately damaged.
The wyvern zombie closely misses you.
You barely miss the wyvern zombie.
The wyvern zombie is moderately damaged.
The wyvern zombie completely misses you.
You tentacle-slap the wyvern zombie.
You pierce the wyvern zombie.
The wyvern zombie is heavily damaged.
The wyvern zombie bites you!
* * * LOW HITPOINT WARNING * * *
It was a potion of might.
You feel very mighty all of a sudden. The wyvern zombie barely misses you.
You tentacle-slap the wyvern zombie.
The wyvern zombie is heavily damaged.
The wyvern zombie bites you!
You die...

#.......... . ..
#........# .#.#
#........## #..#
#......(..###.#
#.............##
######.######..######
#.# ##......... #Z#
#..######## #@# ##.##
#.###..# #.....##
###### ####..##
#....# ##..## #....#
##...# #....# ##..#.#
#....# ##..##†#
#######
#....####..###.#
#......


You could see a wyvern zombie.

Vanquished Creatures
  Grinder (D:4)
  Edmund (D:5)
  2 black bears (D:4)
  3 ogres (D:5)
  A phantom (D:5)
  A bullfrog (D:6)
  A howler monkey (D:6)
  Crazy Yiuf (D:4)
  3 bullfrog skeletons
  2 jellies (D:5)
  An orc priest (D:3)
  2 hounds
  4 iguanas
  2 orc wizards
  A killer bee zombie (D:5)
  A hound skeleton (D:4)
  4 adders
  2 adder skeletons (D:4)
  3 worms
  3 dart slugs
  9 orcs
  5 bats
  6 endoplasms
  6 giant cockroaches
  12 goblins
  5 hobgoblins
  3 jackals
  13 kobolds
  4 quokkas
  5 ball pythons
  5 frilled lizards
  2 rats
  2 bushes (D:1)
116 creatures vanquished.

Vanquished Creatures (others)
  2 plants (D:1)
2 creatures vanquished.

Grand Total: 118 creatures vanquished

Notes
Turn   | Place    | Note
-------+----------+-------------------------------------------
     0 | D:1      | ZARRMARR the Octopode Transmuter began the quest for the
                  | Orb.
     0 | D:1      | Reached XP level 1. HP: 13/13 MP: 3/3
   333 | D:1      | Reached XP level 2. HP: 18/18 MP: 3/5
   599 | D:1      | Found Ruckoal's Distillery.
   860 | D:1      | Reached skill level 1 in Stealth
  1127 | D:1      | Bought a potion of heal wounds for 60 gold pieces
  1710 | D:2      | Reached XP level 3. HP: 20/23 MP: 6/6
  2380 | D:2      | Found an ancient bone altar of Kikubaaqudgha.
  2562 | D:2      | Reached XP level 4. HP: 29/29 MP: 5/7
  3226 | D:1      | Bought a potion of brilliance for 48 gold pieces
  3295 | D:3      | Reached skill level 1 in Poison Magic
  3635 | D:3      | Reached XP level 5. HP: 19/34 MP: 8/8
  3839 | D:3      | Found a faded altar of an unknown god.
  4265 | D:3      | Found a sacrificial altar of Ru.
  4623 | D:3      | Found a sparkling altar of Nemelex Xobeh.
  4783 | D:3      | Found a basalt altar of Yredelemnul.
  4852 | D:4      | Noticed a black bear
  5203 | D:4      | Reached XP level 6. HP: 36/39 MP: 8/10
  5230 | D:4      | Found an opulent altar of Gozag.
  5458 | D:4      | Noticed Grinder
  5485 | D:4      | Found a white marble altar of Elyvilon.
  5504 | D:4      | Paralysed by Grinder for 7 turns
  5520 | D:4      | Killed Grinder
  5796 | D:4      | Reached XP level 7. HP: 45/45 MP: 9/11
  7029 | D:4      | Found a runed translucent door.
  7030 | D:4      | Noticed Crazy Yiuf
  7093 | D:4      | You fall into a shaft and drop 2 floors!
  7112 | D:5      | Entered Level 5 of the Dungeon
  7448 | D:5      | Noticed Edmund
  7468 | D:5      | Found a broken altar of Ashenzari.
  7470 | D:5      | Noticed a kobold demonologist
  7632 | D:5      | Reached XP level 8. HP: 25/52 MP: 6/13
  8189 | D:5      | Identified the +9 mace "Koydghic" {pain, Str+3}
  8315 | D:5      | Learned a level 3 spell: Spider Form
  8339 | D:5      | Noticed a smoke demon
  8342 | D:5      | Killed Edmund
  8343 | D:5      | Reached skill level 5 in Stealth
  8843 | D:4      | Found an iron altar of Okawaru.
  9001 | D:4      | Killed Crazy Yiuf
  9717 | D:6      | Reached skill level 5 in Unarmed Combat
  9740 | D:6      | Mangled by a wyvern zombie

Illustrated notes

Levels and vault maps discovered:
D:1:      lightli_iron_boxes, layout_loops_ring, serial_shops, shop,
          serial_forest, infiniplex_forest_zigzag_1, infiniplex_forest_split,
          infiniplex_forest_straight_5, infiniplex_forest_clump_small,
          infiniplex_forest_lined_corner, infiniplex_forest_lined_ring,
          infiniplex_forest_lined_2
D:2:      layout_basic, basic_altar, kennysheep_another_room
D:3:      layout_loops_ring, nemelex_spade_bored_becter,
          mainiacjoe_overflow_catch_the_wave,
          ebering_ecumenical_altar_petrified, minmay_misc_feat_ornament
D:4:      layout_basic, grunt_gozag_breadcrumbs, kennysheep_little_box,
          okawaru_altar_gauntlet_db, uniq_crazy_yiuf_cottage, uniq_grinder
D:5:      layout_rooms, nicolae_ashenzari_skybound, serial_park_tiny_2,
          kennysheep_generic_room_5, uniq_edmund
D:6:      layout_rooms, mainiacjoe_overflow_24_doors, roderic_roman_lattice,
          st_stairs_4

Skill      XL: |  1  2  3  4  5  6  7  8 |
---------------+-------------------------+-----
Stealth        | 1 2 3 4 5 |  5.6
Poison Magic   | 1 2 3 4 |  4.2
Fighting       | 2 3 4 |  4.0
Dodging        | 3 4 |  4.5
Spellcasting   | 3 4 |  4.1
Transmutations | 3 4 |  4.4
Unarmed Combat | 4 5 |  5.0

Action                   |  1- 3 |  4- 6 |  7- 9 || total
-------------------------+-------+-------+-------++-------
Melee: Unarmed           |   354 |   113 |   166 ||   633
       Kick              |    26 |    27 |    31 ||    84
       Tentacles         |   101 |    18 |    26 ||   145
       Constrict         |    22 |    29 |    19 ||    70
       Punch             |    13 |     4 |     8 ||    25
Throw: Dart              |       |    10 |    19 ||    29
 Cast: Beastly Appendage |    24 |    36 |    28 ||    88
       Spider Form       |       |       |     9 ||     9
  Use: Scroll            |     2 |     3 |     1 ||     6
       Potion            |     1 |     1 |     1 ||     3
 Stab: Sleeping          |     6 |    11 |     3 ||    20
Armor: Skin              |     6 |     7 |     7 ||    20
Dodge: Dodged            |    36 |    45 |   123 ||   204
